 Dungeon Crawl Stone Soup version 0.27-a0-1140-g099f9bb0e8 (webtiles) character file.

Game seed: 5548480074244689368

58 DasRunzen the Slasher (level 3, 0/28 HPs)
             Began as a Demonspawn Gladiator on May 10, 2021.
             Was a Believer of Yredelemnul.
             Slain by a hobgoblin (3 damage)
             ... on level 1 of the Dungeon.
             The game lasted 00:03:31 (1776 turns).

DasRunzen the Slasher (Demonspawn Gladiator)        Turns: 1776, Time: 00:03:32

Health: 0/28       AC: 10    Str: 14    XL:     3   Next: 75%
Magic:  3/3        EV: 12    Int: 10    God:    Yredelemnul [**....]
Gold:   48         SH:  0    Dex: 14    Spells: 2/2 levels left

rFire    . . .     SeeInvis .   f - +0 long sword (flame)
rCold    . . .     Faith    .   (no shield)
rNeg     . . .     Spirit   .   b - +0 leather armour
rPois    .         Reflect  .   c - +0 helmet
rElec    .         Harm     .   (no cloak)
rCorr    .         Rampage  .   (no gloves)
Will     .....                  (no boots)
Stlth    +.........             (no amulet)
HPRegen  0.09/turn              (no ring)
MPRegen  0.08/turn              (no ring)

@: sanguine armoured
A: sanguine armour 1
a: Renounce Religion, Animate Remains, Recall Undead Slaves, Injury Mirror


You were on level 1 of the Dungeon.
You worshipped Yredelemnul.
Yredelemnul was pleased with you.
You visited 1 branch of the dungeon, and saw 2 of its levels.

You collected 48 gold pieces.

Inventory:

Hand Weapons
 a - a +0 long sword
 f - a +0 long sword of flaming (weapon)
Missiles
 d - 3 throwing nets (quivered)
Armour
 b - a +0 leather armour (worn)
 c - a +0 helmet (worn)
Scrolls
 g - a scroll of torment {unknown}
Potions
 e - a potion of invisibility {unknown}


   Skills:
 + Level 2.5 Fighting
 + Level 3.1 Long Blades
 - Level 1.7 Throwing
 + Level 1.3 Armour
 + Level 3.1 Dodging
 + Level 1.2 Invocations


You had 2 spell levels left.
You didn't know any spells.
Your spell library was empty.

Dungeon Overview and Level Annotations

Branches:
Dungeon (2/15)

Altars:
Yredelemnul

Annotations:
D:2 Robin


Innate Abilities, Weirdness & Mutations

When seriously injured, your bleeding wounds create armour. (AC +6)


Message History

You hit the jackal. You burn the jackal.
You kill the jackal!
Yredelemnul accepts your kill.
A hobgoblin comes into view.
Things that are here:
a +0 club; a goblin corpse Robin closely misses you.
You completely miss Robin. Robin misses you.
You hit Robin. You burn Robin.
Robin is heavily wounded.
Robin closely misses you. The hobgoblin hits you.
Robin hits you with a +0 trident!
Your blood congeals into armour.
You are too injured to fight recklessly!
Unknown command.
You hit the hobgoblin but do no damage.
The hobgoblin hits you but does no damage.
Robin hits you with a +0 trident. Robin closely misses you.
The hobgoblin barely misses you.
There is a stone staircase leading up, spattered with blood here.
The hobgoblin no longer looks unusually strong.
The hobgoblin hits you.
Robin roars a battlecry!
The hobgoblin goes into a battle-frenzy!
You climb upwards.
There is a stone staircase leading down here.
You hit the hobgoblin but do no damage. The hobgoblin hits you.
* * * LOW HITPOINT WARNING * * *
You closely miss the hobgoblin. The hobgoblin barely misses you.
You riposte.
You closely miss the hobgoblin. You hit the hobgoblin. You burn the hobgoblin.
The hobgoblin is severely wounded.
The hobgoblin hits you.
* * * LOW HITPOINT WARNING * * *
The hobgoblin hits you but does no damage.
You barely miss the hobgoblin.
The hobgoblin is severely wounded.
The hobgoblin hits you.
You die...
Your body rises from the dead as a mindless zombie.

##........#######..≈≈§≈§§≈§≈≈#
........[.# #...≈≈§§≈§≈≈≈#
##........# #....§§≈≈≈≈≈≈#
#........##### #.#....≈≈≈§≈≈#
#............# ###.......≈≈≈#
############.# #.##......≈#
##'#####.<#.......#
############...g†##..........#
...........'....@#....####.###
##.#########...()#.##......#
##.# #.....#....###### ...####
#.....###..# ......###
#.....)....# ........#
#.....####.# ........#
#.....####.# ........#
##.........# ........#
###########


You could see a hobgoblin (strong).

Vanquished Creatures
  A dart slug (D:1)
  3 endoplasms
  2 giant cockroaches (D:1)
  11 goblins
  5 hobgoblins (D:1)
  5 jackals
  A quokka (D:1)
  8 ball pythons (D:1)
  3 bats
  A frilled lizard (D:1)
  2 kobolds (D:2)
  5 rats
47 creatures vanquished.

Vanquished Creatures (others)
  An endoplasm (D:2)
  A goblin (D:2)
  A jackal (D:2)
3 creatures vanquished.

Grand Total: 50 creatures vanquished

Notes
Turn   | Place    | Note
-------+----------+-------------------------------------------
     0 | D:1      | DasRunzen the Demonspawn Gladiator began the quest for the
                  | Orb.
     0 | D:1      | Reached XP level 1. HP: 16/16 MP: 1/1
   179 | D:1      | Gained mutation: When seriously injured, your bleeding
                  | wounds create armour. (AC +6) [demonic ancestry]
   179 | D:1      | Reached XP level 2. HP: 13/22 MP: 2/2
   327 | D:1      | Found a faded altar of an unknown god.
   390 | D:1      | Became a worshipper of Yredelemnul the Dark
   390 | D:1      | Reached * piety under Yredelemnul
   578 | D:1      | Reached skill level 1 in Armour
   581 | D:1      | Reached XP level 3. HP: 26/28 MP: 3/3
   941 | D:2      | Noticed Robin
  1103 | D:1      | Reached skill level 1 in Invocations
  1621 | D:2      | Reached ** piety under Yredelemnul
  1776 | D:1      | Slain by a hobgoblin

Illustrated notes

Levels and vault maps discovered:
D:1:      dpeg_arrival_lava_altar, layout_basic,
          shapermc_ecumenical_altar_totnotflames
D:2:      minmay_skewed_foursquare, layout_basic, corexii_corridor_pit,
          lemuel_old_faithful, uniq_robin, uniq_natasha

Skill      XL: |  1  2  3 |
---------------+----------+-----
Long Blades    | 3 |  3.1
Dodging        | 3 |  3.1
Armour         | 1 |  1.3
Invocations    | 1 |  1.2
Fighting       | |  2.5
Throwing       | |  1.7

Action                   || total
-------------------------++-------
Melee: Long sword        ||   126
Armor: Leather armour    ||    71
Dodge: Dodged            ||   117
       Rpst.: Long sword ||    28

Table legend: (Time is in decaauts)
 A = Elapsed time spent in this place.
 B = Non-inter-level travel time spent in this place.
 C = Inter-level travel time spent in this place.
 D = Time resting spent in this place.
 E = Time spent auto-exploring this place.
 F = Levels seen in this place.
 G = Mean time per level.
                   A        B        C        D        E       F      G
               +--------+--------+--------+--------+--------+-----+--------+
         Total |   1813 |   1795 |     18 |    722 |    747 |   2 |  906.5 |
       Dungeon |   1813 |   1795 |     18 |    722 |    747 |   2 |  906.5 |
               +--------+--------+--------+--------+--------+-----+--------+

Top non-repeatable levels by time:
     D:1: 1628 daAuts
     D:2: 185 daAuts
